 Dungeon Crawl Stone Soup version 0.16-a0-4023-g001212b (webtiles) character file.

114210 Eptagon the Tortoise (level 16, 0/96 HPs)
             Began as a Gargoyle Fire Elementalist on Feb 15, 2015.
             Was the Champion of Cheibriados.
             Killed from afar by a thorn hunter (6 damage)
             ... with a volley of thorns
             ... on level 5 of the Swamp on Feb 18, 2015.
             The game lasted 02:27:16 (29193 turns).

Eptagon the Tortoise (Gargoyle Fire Elementalist)  Turns: 29193, Time: 02:27:16

Health: 0/96       AC: 34    Str: 37    XL:     16   Next: 65%
Magic:  7/31       EV: 16    Int: 33    God:    Cheibriados [******]
Gold:   1186       SH:  9    Dex: 30    Spells: 6 memorised, 11 levels left

rFire  + . .     SeeInvis .     a - +9 eveningstar "Umuf" {freeze, +Inv rElec Dex+3}
rCold  x . .     Clarity  .     X - +0 chain mail (curse)
rNeg   + . .     SustAb   .     V - +2 buckler {AC+3}
rPois  ∞         Gourm    +     F - +0 helmet
rElec  +         Spirit   .     w - +1 cloak
rCorr  .         Warding  .     L - +0 pair of gloves "Thumuhuo" {+Blink Str+9 Int-2 Stlth+} (curse)
rMut   .         Stasis   .     (no boots)
MR     ++...                    K - amulet of the gourmand
Stlth  +.........               W - ring of fire
                                R - ring of protection from magic

@: flying, very slow, very resistant to hostile enchantments, very unstealthy
A: able to fly continuously, big wings, negative energy resistance 1,
electricity resistance, spit poison 1, unbreathing, petrification resistance,
rot immunity, AC +11
a: Spit Poison, Stop Flying, Bend Time, Temporal Distortion, Slouch, Step From
Time, Renounce Religion, Evoke Blink, Evoke Invisibility


You were on level 5 of the Swamp.
You worshipped Cheibriados.
Cheibriados was exalted by your worship.
You were completely stuffed.

You visited 3 branches of the dungeon, and saw 22 of its levels.
You also visited: Ossuary.

You collected 1452 gold pieces.
You spent 266 gold pieces at shops.

Inventory:

Hand weapons
 a - the +9 eveningstar "Umuf" (weapon) {freeze, +Inv rElec Dex+3}
   (You found it on level 2 of the Lair of Beasts)

   It has been specially enchanted to freeze those struck by it, causing extra
   injury to most foes and up to half again as much damage against particularly
   susceptible opponents.
   It can also slow down cold-blooded creatures.
   It affects your dexterity (+3).
   It insulates you from electricity.
   It lets you turn invisible.
Armour
 w - a +1 cloak (worn)
 F - a +0 helmet (worn)
 L - the cursed +0 pair of gloves "Thumuhuo" (worn) {+Blink Str+9 Int-2 Stlth+}
   (You found it on level 7 of the Lair of Beasts)

   It affects your strength (+9).
   It affects your intelligence (-2).
   It lets you blink.
   It makes you more stealthy.
   It has a curse placed upon it.
 V - a +2 buckler of protection (worn)
 X - a cursed +0 chain mail (worn)
Magical staves
 b - an uncursed staff of death
 c - an uncursed staff of earth
Jewellery
 G - an uncursed ring of positive energy
 I - an uncursed ring of wizardry
 K - an amulet of the gourmand (around neck)
 M - an uncursed ring of wizardry
 Q - an uncursed amulet of stasis
 R - a ring of protection from magic (left hand)
 S - an uncursed ring of sustain abilities
 W - a ring of fire (right hand)
Magical devices
 s - a wand of fire (0)
 x - a wand of fire (11)
 C - a wand of fireball (4)
 J - a wand of teleportation (5)
 N - a wand of fire (6)
 U - a wand of cold (9)
Scrolls
 g - 2 scrolls of teleportation
 h - 4 scrolls of identify
 i - 2 scrolls of enchant weapon
 j - 11 scrolls of enchant armour
 k - 4 scrolls of remove curse
 m - a scroll of amnesia
 n - 2 scrolls of recharging
 u - 6 scrolls of blinking
 y - a scroll of fog
 E - 5 scrolls of magic mapping
Potions
 d - a potion of heal wounds
 e - a potion of cure mutation
 f - 5 potions of magic
 o - 5 potions of might
 q - 10 potions of curing
 z - 6 potions of agility
 B - 4 potions of restore abilities
 O - a potion of resistance
 P - a potion of cancellation
Miscellaneous
 l - a phial of floods
 D - a phantom mirror
Comestibles
 p - 12 fruits
 r - 3 slices of pizza
 t - 7 beef jerkies
 v - 16 bread rations
 A - 14 meat rations
 T - a royal jelly


   Skills:
 - Level 9.0 Fighting
 + Level 11.5 Maces & Flails
 - Level 16.0 Armour
 - Level 6.0 Dodging
 - Level 2.1 Stealth
 - Level 5.0 Shields
 - Level 8.0 Spellcasting
 - Level 12.0 Conjurations
 - Level 8.0 Necromancy
 - Level 9.0 Fire Magic
 - Level 7.0 Invocations


You had 11 spell levels left.
You knew the following spells:

 Your Spells              Type           Power        Failure   Level  Hunger
a - Flame Tongue          Conj/Fire      #####        1%          1    None
b - Conjure Flame         Conj/Fire      #######.     1%          3    None
c - Sticky Flame          Conj/Fire      #######.     1%          4    None
d - Fireball              Conj/Fire      #######...   3%          5    ####...
e - Bolt of Draining      Conj/Necr      ######....   4%          5    ####...
f - Stoneskin             Trmt/Erth      ##......     14%         2    None


Dungeon Overview and Level Annotations

Branches:
Dungeon (9/15)             Temple (0/1) D:6            Lair (8/8) D:9
  Swamp (5/5) Lair:5        Snake (0/5) Lair:3        Slime (0/6) Lair:7
    Orc (0/4) D:9

Altars:
Ashenzari
Cheibriados
Dithmenos
Fedhas
Kikubaaqudgha
Nemelex Xobeh
Ru
Sif Muna
Zin
The Shining One

Shops:
D:9 !

Annotations:
Swamp:1 exclusion: Roxanne, Roxanne


Innate Abilities, Weirdness & Mutations

You are resistant to torment.
You are immune to poison.
You can fly continuously.
Your stone body is very resilient (AC +11).
Your wings are large and strong.
You resist negative energy.
You are resistant to electric shocks.
You can survive without breathing.
You are immune to petrification.
You are immune to rotting.
You can spit poison.


Message History

Drink which item? (? for menu, Esc to quit)
Okay, then.
Evoke which item? (* to show all) (? for menu, Esc to quit)
Zapping:
s - a wand of fire (2)
Press: ? - help, Shift-Dir - straight line, f/p - thorn hunter
Aim: a thorn hunter (lightly damaged, covered in liquid flames)
The bolt of fire hits the thorn hunter.
The thorn hunter is burned terribly!
The thorn hunter is moderately damaged.
This wand has 1 charge left.
The thorn hunter burns!
You block the thorn hunter's attack.
The thorn hunter hits you but does no damage.
Evoke which item? (* to show all) (? for menu, Esc to quit)
Zapping:
s - a wand of fire (1)
Press: ? - help, Shift-Dir - straight line, f/p - thorn hunter
Aim: a thorn hunter (moderately damaged, covered in liquid flames)
The bolt of fire misses the thorn hunter.
This wand has 0 charges left.
The thorn hunter burns!
The thorn hunter fires a volley of thorns at you.
The volley of thorns hits you!
You die...

#♣≈≈≈≈♣≈≈≈.♣ .≈≈
♣..≈≈≈†♣♣♣♣♣ ♣≈≈
#♣..≈≈≈♣♣ ♣≈
#♣.≈.♣♣≈♣ ≈♣ ♣♣♣≈
♣≈...≈§♣ ≈≈.♣.≈≈
♣≈.≈♣...§♣ ≈≈≈≈≈≈≈
♣≈..♣♣♣♣§≈.♣♣
♣≈≈≈≈≈≈≈ ≈≈≈♣♣
♣♣f...≈♣ ♣≈≈≈≈≈ ♣♣
♣@.≈..≈♣.≈♣♣♣≈≈≈≈≈
♣≈≈≈≈≈≈♣.≈.♣≈≈≈≈≈≈
♣♣≈≈.≈≈≈≈.♣♣≈≈≈≈≈≈
♣♣≈.§≈≈≈§§<.♣.≈≈...
♣≈.≈≈≈≈≈≈...♣♣.♣♣♣≈
♣≈≈≈...≈≈≈.♣♣♣♣ ♣≈≈
♣♣♣♣...≈≈.≈.♣♣♣♣♣≈≈
♣♣≈≈≈≈.≈.♣♣.≈≈≈≈
♣♣♣♣♣♣.≈≈≈≈§≈♣♣≈≈≈.≈


You could see a thorn hunter (burning).

Vanquished Creatures
  2 thorn hunters
  Jorgrun (Swamp:2)
  2 green draconians (Swamp:2)
  20 hydras
  Harold (Lair:4)
  11 alligators
  The ghost of smajdalf the Frost Mage, a powerful OpIE of Sif Muna (Lair:1)
  13 death yaks
  Nergalle (Lair:5)
  12 swamp dragons
  A shambling mangrove (Swamp:4)
  17 slime creatures
  A hornet (Swamp:2)
  3 griffons
  17 black mambas
  16 elephants
  Maurice (D:9)
  23 spiny frogs
  3 fire drakes
  4 spriggan druids
  7 komodo dragons
  9 giant leeches
  Grinder (D:4)
  9 bog bodies
  5 polar bears
  7 baby alligators (Swamp:1)
  2 two-headed ogres (D:8)
  2 shadows
  15 blink frogs
  8 ravens
  5 redbacks (Lair:8)
  3 basilisks
  A wyvern (Lair:7)
  17 spriggans
  A deep elf mage (D:5)
  9 hippogriffs
  35 yaks
  A steam dragon (Lair:3)
  4 insubstantial wisps
  17 vampire mosquitoes
  31 swamp worms
  30 water moccasins
  3 orc warriors
  19 porcupines
  31 wolves
  2 wargs (D:9)
  2 sky beasts
  9 black bears
  9 swamp drakes
  An eye of draining (D:8)
  6 wasps
  An ice beast (Lair:1)
  3 phantoms
  17 crocodiles
  4 ogres
  2 boring beetles
  3 centaurs
  2 big kobolds
  14 giant frogs
  3 small abominations (Lair:6)
  Blork the orc (D:4)
  3 scorpions
  An electric eel (Lair:5)
  10 hounds
  8 iguanas
  A centaur skeleton (D:4)
  5 centaur zombies
  A jelly (D:6)
  6 orc priests
  3 crimson imps
  Crazy Yiuf (D:2)
  A giant frog skeleton (D:8)
  A giant frog zombie (D:8)
  8 orc wizards
  5 worker ants
  An ogre zombie (Ossuary)
  4 sheep (Lair:4)
  A hound zombie (D:7)
  3 hound skeletons
  7 mummies (Ossuary)
  26 adders
  4 gnolls (D:7)
  44 river rats
  2 shadow imps
  A worm (D:3)
  5 adder zombies (Ossuary)
  An adder skeleton (D:8)
  5 giant geckos
  2 oozes
  33 orcs
  2 ball pythons
  14 bats
  4 giant cockroaches
  2 gnoll zombies (Ossuary)
  11 goblins
  12 hobgoblins
  6 jackals
  40 kobolds
  12 quokkas
  12 giant newts
  A giant spore (D:6)
  6 goblin zombies (Ossuary)
  A hobgoblin zombie (Ossuary)
  4 kobold zombies (Ossuary)
  An orc zombie (D:4)
  A quokka skeleton (D:4)
  3 quokka zombies (Ossuary)
  21 rats
  4 rat zombies (Ossuary)
  3 ballistomycetes (D:6)
  A plant (D:9)
855 creatures vanquished.

Vanquished Creatures (others)
  An orc wizard (D:6)
  A briar patch (Swamp:5)
  5 fungi
  8 plants
15 creatures vanquished.

Grand Total: 870 creatures vanquished

Notes
Turn   | Place    | Note
--------------------------------------------------------------
     0 | D:1      | Eptagon, the Gargoyle Fire Elementalist, began the quest for the Orb.
     0 | D:1      | Reached XP level 1. HP: 10/10 MP: 3/3
   359 | D:1      | Reached XP level 2. HP: 13/15 MP: 1/4
  1058 | D:1      | Reached skill level 4 in Fire Magic
  1194 | D:1      | Reached XP level 3. HP: 13/19 MP: 3/6
  1250 | D:1      | Learned a level 3 spell: Conjure Flame
  1736 | D:2      | Noticed Crazy Yiuf
  1892 | D:2      | Found a sparkling altar of Nemelex Xobeh.
  2191 | D:2      | Reached XP level 4. HP: 24/24 MP: 5/7
  2338 | D:2      | Reached skill level 5 in Fire Magic
  2941 | D:2      | Killed Crazy Yiuf
  3122 | D:3      | Reached XP level 5. HP: 28/28 MP: 9/9
  3139 | D:3      | Found a snail-covered altar of Cheibriados.
  3139 | D:3      | Found a sacrificial altar of Ru.
  3142 | D:3      | Became a worshipper of Cheibriados the Contemplative
  3397 | D:3      | Learned a level 4 spell: Sticky Flame
  3787 | D:3      | Reached skill level 6 in Fire Magic
  4124 | D:4      | Reached XP level 6. HP: 20/32 MP: 5/10
  4332 | D:4      | Found a sand-covered staircase.
  4344 | D:4      | Reached skill level 7 in Fire Magic
  4390 | Ossuary  | Entered an ossuary
  5009 | Ossuary  | Reached XP level 7. HP: 21/36 MP: 12/12
  5760 | D:4      | Reached skill level 5 in Conjurations
  6017 | D:4      | Noticed Grinder
  6026 | D:4      | Paralysed by Grinder for 6 turns
  6034 | D:4      | Paralysed by Grinder for 7 turns
  6048 | D:4      | Killed Grinder
  6048 | D:4      | Reached XP level 8. HP: 6/41 MP: 3/13
  6054 | D:4      | Acquired Cheibriados' first power
  6192 | D:4      | Found a glowing golden altar of the Shining One.
  6404 | D:4      | Noticed Blork the orc
  6414 | D:4      | Killed Blork the orc
  6771 | D:4      | Reached skill level 1 in Armour
  6832 | D:5      | Entered Level 5 of the Dungeon
  7051 | D:5      | Acquired Cheibriados' second power
  7483 | D:5      | Reached skill level 5 in Armour
  8074 | D:5      | Reached XP level 9. HP: 40/45 MP: 14/14
  8263 | D:6      | Acquired Cheibriados' third power
  8270 | D:6      | Learned a level 5 spell: Fireball
  8443 | D:6      | Found a staircase to the Ecumenical Temple.
  8513 | D:6      | Reached skill level 8 in Conjurations
  8909 | D:6      | Reached skill level 1 in Invocations
  8911 | D:6      | Upgraded the game from 0.16-a0-4004-g8d6611c to 0.16-a0-4020-g6ff35b5
  9430 | D:7      | Found a shattered altar of Ashenzari.
  9857 | D:7      | Reached skill level 5 in Invocations
 10372 | D:8      | Found an ancient bone altar of Kikubaaqudgha.
 10384 | D:8      | Reached XP level 10. HP: 50/50 MP: 9/20
 10417 | D:8      | Found a shadowy altar of Dithmenos.
 10482 | D:8      | Reached skill level 1 in Fighting
 11272 | D:8      | Found a blossoming altar of Fedhas.
 11286 | D:8      | Gained mutation: You can spit poison. [potion of beneficial mutation]
 11301 | D:8      | Got a faintly glowing leather armour
 11312 | D:8      | Identified the +0 leather armour of Fish {-Tele +Inv rF+ rC+ Dex+6} (You found it on level 8 of the Dungeon)
 11679 | D:9      | Noticed Maurice
 11684 | D:9      | Killed Maurice
 11848 | D:9      | Found a staircase to the Lair.
 11936 | D:9      | Found a deep blue altar of Sif Muna.
 12093 | D:9      | Found Ruotwaos' Distillery.
 12111 | D:9      | Bought a potion of heal wounds for 70 gold pieces
 12111 | D:9      | Bought 2 potions of lignification for 84 gold pieces
 12111 | D:9      | Bought a potion of cancellation for 112 gold pieces
 12237 | D:9      | Found a staircase to the Orcish Mines.
 12385 | Lair:1   | Entered Level 1 of the Lair of Beasts
 12385 | Lair:1   | Noticed smajdalf's ghost (powerful OpIE)
 12772 | Lair:1   | Reached skill level 5 in Dodging
 13274 | Lair:1   | Killed smajdalf's ghost
 13274 | Lair:1   | Reached XP level 11. HP: 36/64 MP: 0/21
 13459 | Lair:1   | Noticed a black mamba
 13724 | Lair:1   | Killed a black mamba
 14215 | Lair:1   | Reached skill level 9 in Fighting
 14743 | Lair:1   | Noticed a black mamba
 14761 | Lair:1   | Killed a black mamba
 14813 | Lair:1   | Reached skill level 5 in Spellcasting
 15098 | Lair:2   | Got a dazzling eveningstar
 15131 | Lair:2   | Found a labyrinth entrance.
 15233 | Lair:2   | Identified the +9 eveningstar "Umuf" {freeze, +Inv rElec Dex+3} (You found it on level 2 of the Lair of Beasts)
 15312 | Lair:2   | Reached XP level 12. HP: 73/76 MP: 26/26
 15414 | Lair:2   | Reached skill level 1 in Maces & Flails
 15634 | Lair:2   | Identified a scroll of acquirement
 16097 | Lair:3   | Found a staircase to the Snake Pit.
 16120 | Lair:3   | Reached skill level 5 in Maces & Flails
 16692 | Lair:3   | Reached skill level 1 in Shields
 17175 | Lair:3   | Reached skill level 5 in Shields
 17402 | Lair:4   | Noticed Harold
 17413 | Lair:4   | Killed Harold
 17413 | Lair:4   | Reached XP level 13. HP: 71/80 MP: 22/28
 17465 | Lair:4   | Reached skill level 10 in Armour
 17818 | Lair:4   | Noticed a death yak
 17819 | Lair:4   | Noticed a death yak
 17820 | Lair:4   | Noticed a death yak
 17824 | Lair:4   | Noticed a death yak
 17827 | Lair:4   | Killed a death yak
 17832 | Lair:4   | Killed a death yak
 17832 | Lair:4   | Reached skill level 11 in Armour
 17837 | Lair:4   | Killed a death yak
 17841 | Lair:4   | Killed a death yak
 18104 | Lair:4   | Got a fine robe
 18115 | Lair:4   | Identified the cursed -1 robe "Fraor" {+Inv rF+ MP-9 Int+5} (You found it on level 4 of the Lair of Beasts)
 18597 | Lair:5   | Reached skill level 12 in Armour
 18711 | Lair:5   | Found a staircase to the Swamp.
 18892 | Lair:5   | Noticed Nergalle
 19784 | Lair:5   | Killed Nergalle
 20158 | Lair:6   | Gained mutation: Your wings are large and strong. [gargoyle growth]
 20158 | Lair:6   | Reached XP level 14. HP: 29/86 MP: 1/29
 20326 | Lair:6   | Reached skill level 13 in Armour
 21293 | Lair:6   | Reached skill level 14 in Armour
 21797 | Lair:7   | Got a pair of brightly glowing gloves
 21808 | Lair:7   | Identified the cursed +0 pair of gloves "Thumuhuo" {+Blink Str+9 Int-2 Stlth+} (You found it on level 7 of the Lair of Beasts)
 22063 | Lair:7   | Learned a level 5 spell: Bolt of Draining
 22087 | Lair:7   | Reached skill level 15 in Armour
 22097 | Lair:7   | Upgraded the game from 0.16-a0-4020-g6ff35b5 to 0.16-a0-4023-g001212b
 22424 | Lair:7   | Found a staircase to the Slime Pits.
 22605 | Lair:8   | Entered Level 8 of the Lair of Beasts
 22975 | Lair:8   | Reached skill level 16 in Armour
 23297 | Lair:8   | Reached skill level 10 in Conjurations
 23306 | Lair:8   | Reached XP level 15. HP: 38/90 MP: 8/29
 23877 | Swamp:1  | Entered Level 1 of the Swamp
 23968 | Swamp:1  | Noticed Roxanne
 23990 | Swamp:1  | Reached skill level 1 in Necromancy
 26852 | Swamp:2  | Reached skill level 10 in Maces & Flails
 26875 | Swamp:2  | Learned a level 2 spell: Stoneskin
 27096 | Swamp:2  | Noticed Jorgrun
 27103 | Swamp:2  | Reached XP level 16. HP: 88/96 MP: 14/31
 27114 | Swamp:2  | Killed Jorgrun
 27613 | Swamp:4  | Found a glowing silver altar of Zin.
 27702 | Swamp:4  | Reached skill level 5 in Necromancy
 27995 | Swamp:4  | Noticed a thorn hunter
 28003 | Swamp:4  | Killed a thorn hunter
 28377 | Swamp:5  | Entered Level 5 of the Swamp
 29063 | Swamp:5  | Noticed a thorn hunter
 29111 | Swamp:5  | Killed a thorn hunter
 29186 | Swamp:5  | Noticed a thorn hunter
 29193 | Swamp:5  | Killed from afar by a thorn hunter

Action                   |  1- 3 |  4- 6 |  7- 9 | 10-12 | 13-15 | 16-18 || total
-------------------------+-------+-------+-------+-------+-------+-------++-------
Melee: Unarmed           |    25 |       |       |       |       |       ||    25
       Short sword       |   103 |    24 |       |       |       |       ||   127
       Quarterstaff      |       |   117 |   450 |    77 |       |       ||   644
       Flail             |       |    26 |       |   448 |       |       ||   474
       Eveningstar       |       |       |       |   173 |   866 |   199 ||  1238
 Fire: Blowgun           |       |       |     1 |     1 |       |       ||     2
 Cast: Flame Tongue      |    25 |    62 |   110 |    54 |    33 |     1 ||   285
       Conjure Flame     |     1 |     1 |     2 |     1 |       |       ||     5
       Sticky Flame      |       |       |    14 |    49 |   105 |    32 ||   200
       Fireball          |       |       |     9 |    26 |     9 |       ||    44
       Bolt of Draining  |       |       |       |       |     2 |     4 ||     6
       Stoneskin         |       |       |       |       |     1 |       ||     1
Invok: Slouch            |       |       |       |     2 |       |       ||     2
 Abil: Fly               |       |       |       |       |     1 |     1 ||     2
Evoke: Wand              |       |       |       |       |       |     5 ||     5
  Use: Scroll            |     4 |     1 |    18 |    10 |     8 |     2 ||    43
       Potion            |       |     1 |     4 |     1 |     1 |     2 ||     9
 Stab: Sleeping          |     4 |     5 |    10 |     9 |       |       ||    28
       Distracted        |       |       |     1 |     2 |     3 |       ||     6
       Confused          |       |       |       |       |     1 |     1 ||     2
  Eat: Chunk             |     5 |     8 |    29 |    29 |    26 |     5 ||   102
       Fruit             |       |       |     2 |       |       |       ||     2
